 Dungeon Crawl Stone Soup version 0.29.1-2-gbd0b4ee654 (webtiles) character file.

Game seed: 9959419366692469322

149 Icepheonix32 the Changer (level 5, 0/33 HPs)
             Began as an Octopode Transmuter on Nov 18, 2022.
             Succumbed to an adder's poison
             ... on level 3 of the Dungeon.
             The game lasted 00:03:43 (3308 turns).

Icepheonix32 the Changer (Octopode Transmuter)      Turns: 3308, Time: 00:03:43

Health: 0/33       AC:  1    Str: 16    XL:     5   Next: 31%
Magic:  8/9        EV: 13    Int: 15    God:
Gold:   144        SH:  0    Dex: 14    Spells: 3/9 levels left

rFire   + . .      SeeInvis .     - Unarmed
rCold   . . .      Faith    .   (no shield)
rNeg    . . .      Spirit   .   (helmet currently unavailable)
rPois   .          Reflect  .   (no amulet)
rElec   .          Harm     .   f - ring of protection from fire
rCorr   .          Rampage  .   l - +6 ring of strength
Will    .....                   p - ring of flight
Stlth   +++.......              (no ring)
HPRegen 0.11/turn               (no ring)
MPRegen 0.11/turn               (no ring)
                                (no ring)
                                (no ring)

@: lethally poisoned (0 -> -1), appendages (expiring), on berserk cooldown,
flying, slowed, very slow
A: tentacle spike 3, almost no armour, amphibious, 8 rings, camouflage 1,
gelatinous body 1, (nimble swimmer 1), tentacles
a: End Transformation


You were on level 3 of the Dungeon.
One of your tentacles had grown a beastly spike.
You visited 1 branch of the dungeon, and saw 3 of its levels.

You collected 144 gold pieces.

Inventory:

Missiles
 g - 4 datura-tipped darts
 i - 7 poisoned darts
 j - 6 boomerangs
Jewellery
 f - a ring of protection from fire (left tentacle)
 l - a +6 ring of strength (right tentacle)
 p - a ring of flight (on tentacle)
 q - a ring of ice
Scrolls
 a - a scroll of identify
 b - 2 scrolls of blinking
 k - 2 scrolls of noise {unknown}
 o - a scroll of enchant weapon {unknown}
Potions
 c - a potion of berserk rage
 d - a potion of flight
 e - a potion of experience {unknown}
 h - a potion of haste {unknown}
 m - a potion of curing {unknown}
 n - a potion of magic {unknown}


   Skills:
 + Level 1.1 Fighting
 + Level 0.8 Throwing
 * Level 2.5 Dodging
 + Level 2.1 Stealth
 + Level 3.3 Unarmed Combat
 + Level 2.7 Spellcasting
 * Level 3.6 Transmutations


You had 3 spell levels left.
You knew the following spells:

 Your Spells              Type           Power      Damage    Failure   Level
a - Beastly Appendage     Tmut           26%        N/A       4%          1
b - Spider Form           Tmut/Pois      7%         N/A       28%         3
c - Wereblood             Tmut           13%        N/A       7%          2

Your spell library contained the following spells:

 Spells                   Type           Power      Damage    Failure   Level
 Ice Form                 Ice/Tmut       7%         N/A       67%         4


Dungeon Overview and Level Annotations

Branches:
Dungeon (3/15)

Altars:

Annotations:
D:2 1 runed translucent door, Crazy Yiuf


Innate Abilities, Weirdness & Mutations

One of your tentacles has grown a beastly spike.
You cannot wear most types of armour.
You are amphibious.
You can wear up to eight rings at the same time.
Your skin changes colour to match your surroundings (Stealth+).
Your rubbery body absorbs attacks. (AC +1, EV +1)
((You are camouflaged when in or above water. (Stealth+)))
You have tentacles for arms and can constrict up to eight enemies at once.


Message History

You kill the endoplasm!
You feel sick.
You are no longer poisoned.
Unknown command.
A worm comes into view.
Unknown command.
Your transformation is almost over.
The adder bites you.
* * * LOW HITPOINT WARNING * * *
The adder attacks as you move away! The adder bites you.
* * * LOW HITPOINT WARNING * * *
You are lethally poisoned!
The adder poisons you!
* * * LOW HITPOINT WARNING * * *
You feel sick.
It was a potion of berserk rage.
A red film seems to cover your vision as you go berserk!
You feel yourself moving faster!
You feel mighty!
* * * LOW HITPOINT WARNING * * *
You feel sick. The adder closely misses you.
You closely miss the adder. Your grab misses the adder.
Your tentacle spike misses the adder.
* * * LOW HITPOINT WARNING * * *
You feel sick. The adder barely misses you.
You bludgeon the adder! You grab the adder.
You pierce the adder.
You kill the adder!
Unknown command.
* * * LOW HITPOINT WARNING * * *
You feel sick.
You see here an adder corpse.
You are too berserk!
You feel a strong urge to attack something.
* * * LOW HITPOINT WARNING * * *
You feel sick.
Unknown command.
Unknown command.
You feel your anger nearly subside.
You are no longer berserk.
You are exhausted.
You feel yourself slow down.
You die...

..###.......# #.... ...........#
#.##. #........# #.##.
###.#######........#########.##.
S...............................
# #).....#.#############.###
.###.###.####.#.########## #.#
.....w...####............####.#
................@.............#
####.....####.#.########.########
#.###.# #.#.# #.............. #.
#.####.#.# #.####.#######. .. ..#
...#.###.####.# #. #### ...
..........)†.# #.
#.[#######.####.###.############.
#.#.#.####.......................
#...#..#.######..##.#############


There were no monsters in sight!

Vanquished Creatures
  An iguana (D:3)
  6 adders
  3 worms (D:2)
  2 orcs (D:3)
  7 endoplasms
  5 giant cockroaches
  5 goblins
  7 hobgoblins
  3 jackals (D:1)
  2 quokkas (D:2)
  4 ball pythons
  6 bats
  4 frilled lizards
  A kobold (D:2)
  4 rats
60 creatures vanquished.

Notes
Turn   | Place    | Note
-------+----------+-------------------------------------------
     0 | D:1      | Icepheonix32 the Octopode Transmuter began the quest for
                  | the Orb.
     0 | D:1      | Reached XP level 1. HP: 13/13 MP: 3/3
   281 | D:1      | Reached XP level 2. HP: 10/18 MP: 5/5
  1160 | D:2      | Reached XP level 3. HP: 23/23 MP: 4/6
  1273 | D:2      | Reached skill level 1 in Stealth
  1725 | D:2      | Reached XP level 4. HP: 19/28 MP: 7/7
  1854 | D:2      | Found a runed translucent door.
  1855 | D:2      | Noticed Crazy Yiuf
  2007 | D:2      | Found a faded altar of an unknown god.
  2776 | D:2      | Learned a level 3 spell: Spider Form
  2779 | D:2      | Learned a level 2 spell: Wereblood
  2953 | D:3      | Reached XP level 5. HP: 18/33 MP: 6/8
  3144 | D:3      | Identified the +1 robe of Happy Babbling {rF+ rC+++ SInv
                  | Stlth-}
  3305 | D:3      | HP: 2/49 [poisoned by an adder]
  3308 | D:3      | Succumbed to an adder's poison

Illustrated notes

Levels and vault maps discovered:
D:1:      dpeg_arrival_short_road, layout_basic, nicolae_hexahallways,
          minmay_misc_feat_alley
D:2:      minmay_inner_zag, layout_loops_cross,
          hellmonk_ecumenical_altar_run_dry, minmay_misc_feat_encased,
          uniq_crazy_yiuf_cottage
D:3:      minmay_spotlight, layout_basic

Skill      XL: |  1  2  3  4 |
---------------+-------------+-----
Stealth        | 1 2 |  2.1
Transmutations | 3 |  3.6
Fighting       | |  1.1
Throwing       | |  0.8
Dodging        | |  2.5
Unarmed Combat | |  3.3
Spellcasting   | |  2.7

Action                   |  1- 3 |  4- 6 || total
-------------------------+-------+-------++-------
Melee: Unarmed           |    67 |    57 ||   124
       Constrict         |    16 |    14 ||    30
       Kick              |    12 |    15 ||    27
       Tentacles         |    11 |     8 ||    19
       Punch             |     2 |     2 ||     4
Throw: Boomerang         |     4 |       ||     4
 Cast: Beastly Appendage |    21 |    17 ||    38
       Wereblood         |       |     1 ||     1
  Use: Scroll            |     3 |       ||     3
       Potion            |       |     2 ||     2
 Stab: Sleeping          |     5 |     5 ||    10
Armor: Skin              |     4 |     4 ||     8
Dodge: Dodged            |    38 |    28 ||    66
